 Dungeon Crawl Stone Soup version 0.30-a0-634-g8abc85282e (webtiles) character file.

Game seed: 4517962087447134860

176 jfcaron the Ogre Mage (level 5, -1/45 HPs)
             Began as an Ogre Air Elementalist on Jan 15, 2023.
             Slain by a gnoll sergeant
             ... wielding a +0 trident
              (16 damage)
             ... on level 3 of the Dungeon.
             The game lasted 00:08:46 (3451 turns).

jfcaron the Ogre Mage (Ogre Air Elementalist)       Turns: 3451, Time: 00:08:46

Health: -1/45      AC:  4    Str: 18    XL:     5   Next: 56%
Magic:  7/11       EV: 10    Int: 18    God:
Gold:   123        SH:  0    Dex: 11    Spells: 2/12 levels left

rFire   . . .      SeeInvis .    c - +5 dagger of Vetanlah {spect, Dex+2}
rCold   . . .      Faith    .    (no shield)
rNeg    . . .      Spirit   .    a - +0 robe
rPois   .          Reflect  .    (helmet restricted)
rElec   .          Harm     .    e - +0 cloak
rCorr   .          Rampage  .    (gloves unavailable)
Will    .....                    (boots unavailable)
Stlth   ++                       (no amulet)
HPRegen 0.27/turn                i - +6 ring of strength
MPRegen 0.12/turn                (no ring)

@: no status effects
A: large, unfitting armour, tough skin 1
a: no special abilities


You were on level 3 of the Dungeon.
You visited 1 branch of the dungeon, and saw 3 of its levels.

You collected 123 gold pieces.

Inventory:

Hand Weapons
 c - the +5 dagger of Vetanlah (weapon) {spect, Dex+2}
   (You found it on level 2 of the Dungeon)

   Dex:       It affects your dexterity (+2).
 h - a +2 flail of holy wrath
   (You found it on level 2 of the Dungeon)
Missiles
 b - a throwing net {!f}
 j - 5 atropa-tipped darts {!f}
Armour
 a - a +0 robe (worn)
 e - a +0 cloak (worn)
Jewellery
 i - a +6 ring of strength (left hand)
   (You found it on level 1 of the Dungeon)
Wands
 m - a wand of flame (12)
Scrolls
 l - a scroll of torment {unknown}
 p - a scroll of vulnerability {unknown}
 r - 2 scrolls of teleportation {unknown}
 t - a scroll of amnesia {unknown}
Potions
 d - a potion of flight
 f - a potion of cancellation
 g - a potion of curing
 k - a potion of degeneration
 n - 2 potions of invisibility
 o - a potion of attraction {unknown}
 q - a potion of ambrosia {unknown}
 u - a potion of haste {unknown}


   Skills:
 - Level 2.0 Dodging
 - Level 2.0 Stealth
 + Level 4.3 Spellcasting
 - Level 1.0 Conjurations
 * Level 4.1 Air Magic


You had 2 spell levels left.
You knew the following spells:

 Your Spells              Type           Power      Damage    Failure   Level
a - Shock                 Conj/Air       52%        1d6       4%          1
b - Static Discharge      Conj/Air       26%        2-4/arc   8%          2
c - Swiftness             Air            18%        N/A       8%          3
d - Airstrike             Air            9%         2d(2-18)  26%         4

Your spell library contained the following spells:

 Spells                   Type           Power      Damage    Failure   Level
 Apportation              Tloc           6%         N/A       14%         1
 Alistair's Intoxication  Tmut/Pois      2%         N/A       98%         5


Dungeon Overview and Level Annotations

Branches:
Dungeon (3/15)

Altars:


Innate Abilities, Weirdness & Mutations

You are too large for most types of armour.
You have tough skin. (AC +1)


Message History

You climb downwards.
There is a stone staircase leading up, spattered with blood here.
Really walk into that dispersal trap?
You enter a dispersal trap!
The endoplasm blinks!
You blink.
The gnoll sergeant shouts!
You start waiting.
A gnoll sergeant is nearby!
Casting: Static Discharge (safe; 8% risk of failure)
Confirm with . or Enter, or press ? or * to list all spells.
Aiming: Shock (safe; 4% risk of failure)
Press: ? - help, Shift-Dir - straight line, f - gnoll sergeant
Aim: a gnoll sergeant, wielding a +0 trident, wearing a +0 ring mail and wearing a +0 kite shield (81% to hit)
The zap hits the gnoll sergeant but does no damage.
Casting: Shock (safe; 4% risk of failure)
Confirm with . or Enter, or press ? or * to list all spells.
Aiming: Shock (safe; 4% risk of failure)
Press: ? - help, Shift-Dir - straight line, p - gnoll sergeant The zap hits the gnoll sergeant but does no damage.
The zap hits the gnoll sergeant.
The gnoll sergeant is lightly wounded.
The gnoll sergeant hits you from afar with a +0 trident.
Casting: Shock (safe; 4% risk of failure)
Confirm with . or Enter, or press ? or * to list all spells.
Aiming: Shock (safe; 4% risk of failure)
Press: ? - help, Shift-Dir - straight line The zap hits the gnoll sergeant.
The gnoll sergeant is moderately wounded.
The zap hits the gnoll sergeant.
The gnoll sergeant is moderately wounded.
The gnoll sergeant hits you from afar with a +0 trident!
Casting: Shock (safe; 4% risk of failure)
Confirm with . or Enter, or press ? or * to list all spells.
Aiming: Shock (safe; 4% risk of failure)
Press: ? - help, Shift-Dir - straight line The zap hits the gnoll sergeant.
The gnoll sergeant is heavily wounded.
The zap misses the gnoll sergeant.
The gnoll sergeant hits you from afar with a +0 trident!
The gnoll sergeant hits you from afar with a +0 trident!
You die...

...## ....## .....# .....#####
.....#...## # ..........## ..
...........###### ยง..
................### ....
...........####.@.# .....
..........## ###.######......
......<..########g....^.?.....
.....#..............####......
.....#...........##...# .....
....##........... ###.# ....
.............g...####.## ..#
.##....................# ##
........>........#######


You could see a gnoll sergeant.

Vanquished Creatures
  A gnoll bouda (D:2)
  2 adders (D:2)
  7 gnolls
  A worm (D:2)
  2 dart slugs
  An orc (D:3)
  4 ball pythons
  4 endoplasms
  4 giant cockroaches
  5 goblins
  4 hobgoblins
  7 kobolds
  2 quokkas
  5 bats
  4 frilled lizards
  3 rats
56 creatures vanquished.

Notes
Turn   | Place    | Note
-------+----------+-------------------------------------------
     0 | D:1      | jfcaron the Ogre Air Elementalist began the quest for the
                  | Orb.
     0 | D:1      | Reached XP level 1. HP: 16/16 MP: 3/3
   100 | D:1      | Reached skill level 1 in Conjurations
   305 | D:1      | Reached XP level 2. HP: 24/24 MP: 2/5
   308 | D:1      | Learned a level 2 spell: Static Discharge
   589 | D:1      | Found a faded altar of an unknown god.
  1082 | D:2      | Identified the +5 dagger of Vetanlah {spect, Dex+2}
  1122 | D:2      | Reached XP level 3. HP: 31/31 MP: 5/7
  1165 | D:2      | Learned a level 3 spell: Swiftness
  1690 | D:2      | Identified the +3 leather armour of Wydootan {Harm Will+++
                  | Int+4 Dex-4}
  2202 | D:3      | Noticed a gnoll sergeant
  2228 | D:2      | HP: 5/31 [/static electricity (2)]
  2229 | D:2      | Reached XP level 4. HP: 7/39 MP: 3/9
  2360 | D:2      | HP: 7/39 [/static electricity (3)]
  2526 | D:3      | Reached XP level 5. HP: 45/45 MP: 7/10
  2586 | D:2      | Learned a level 4 spell: Airstrike
  2661 | D:2      | HP: 8/45 [gnoll/+3 heavy flail[a gnoll sergeant] (12)]
  2662 | D:2      | HP: 3/45 [/static electricity (3)]
  3451 | D:3      | Slain by a gnoll sergeant

Illustrated notes

Levels and vault maps discovered:
D:1:      dpeg_arrival_long_road, layout_basic,
          ebering_ecumenical_altar_abandoned, chequers_serial_rivers_micro_b,
          minmay_split_cup_large
D:2:      layout_basic, kennysheep_generic_room_12
D:3:      layout_rooms, mainiacjoe_overflow_cross_hatched,
          kennysheep_generic_room_3

Skill      XL: |  1  2  3  4  5 |
---------------+----------------+-----
Conjurations   | 1 |  1.0
Dodging        | 2 |  2.0
Air Magic      | 3 4 |  4.1
Stealth        | 2 |  2.0
Spellcasting   | 3 4 |  4.3

Action                   |  1- 3 |  4- 6 || total
-------------------------+-------+-------++-------
Melee: Unarmed           |     7 |       ||     7
       Dagger            |     1 |     3 ||     4
 Cast: Shock             |    69 |    26 ||    95
       Static Discharge  |     5 |    18 ||    23
  Use: Scroll            |     1 |     5 ||     6
       Potion            |     1 |       ||     1
Armor: Robe              |     9 |     4 ||    13
Dodge: Dodged            |    17 |    14 ||    31

Table legend: (Time is in decaauts)
 A = Elapsed time spent in this place.
 B = Non-inter-level travel time spent in this place.
 C = Inter-level travel time spent in this place.
 D = Time resting spent in this place.
 E = Time spent auto-exploring this place.
 F = Levels seen in this place.
 G = Mean time per level.
                   A        B        C        D        E       F      G
               +--------+--------+--------+--------+--------+-----+--------+
         Total |   3459 |   3309 |    150 |   1471 |   1273 |   3 | 1153.0 |
       Dungeon |   3459 |   3309 |    150 |   1471 |   1273 |   3 | 1153.0 |
               +--------+--------+--------+--------+--------+-----+--------+

Top non-repeatable levels by time:
     D:2: 2060 daAuts
     D:1: 1068 daAuts
     D:3: 330 daAuts

Table legend:
 A = Kills in this place as a percentage of kills in entire the game.
 B = Kills by you in this place as a percentage of kills by you in the entire game.
 C = Kills by friends in this place as a percentage of kills by friends in the entire game.
 D = Other kills in this place as a percentage of other kills in the entire game.
 E = Experience gained in this place as a percentage of experience gained in the entire game.
 F = Experience gained in this place divided by the number of levels of this place that you have seen.
                   A       B       C       D       E      F
               +-------+-------+-------+-------+-------+----------------------
         Total | 100.0 | 100.0 |   N/A |   N/A | 100.0 |  84.0
       Dungeon | 100.0 | 100.0 |   N/A |   N/A | 100.0 |  84.0
               +-------+-------+-------+-------+-------+----------------------
